 Dungeon Crawl Stone Soup version 0.31-a0-187-gba352fbbf7 (webtiles) character file.

Game seed: 3854387079520588809

2778 Dittersdorf the Shield-Bearer (level 9, 0/59 HPs)
             Began as a Gargoyle Fighter on June 22, 2023.
             Was a Follower of Okawaru.
             Slain by a vampire mosquito (2 damage)
             ... on level 7 of the Dungeon.
             The game lasted 00:09:33 (7924 turns).

Dittersdorf the Shield-Bearer (Gargoyle Fighter)    Turns: 7924, Time: 00:09:33

Health: 0/59       AC: 21    Str: 24    XL:     9   Next: 70%
Magic:  9/9        EV: 10    Int: 15    God:    Okawaru [*.....]
Gold:   321        SH:  5    Dex:  9    Spells: 6/8 levels left

rFire   . . .        a - +0 flail
rCold   . . .        c - +0 buckler
rNeg    + . .        b - +3 ring mail
rPois   ∞            i - +1 helmet
rElec   +            o - +0 cloak
rCorr   .            (no gloves)
SInv    .            t - +0 pair of boots
Will    .....        (no amulet) Stlth
                     g - +6 ring of intelligence
HPRegen 0.29/turn    (no ring)
MPRegen 0.11/turn

%: no passive effects
@: no status effects
A: sickness immunity, AC +6, negative energy resistance 1, electricity
resistance, torment resistance 1, petrification resistance
a: Renounce Religion, Heroism


You were on level 7 of the Dungeon.
You worshipped Okawaru.
Okawaru was aware of your devotion.
You visited 2 branches of the dungeon, and saw 9 of its levels.

You collected 321 gold pieces.

Inventory:

Hand Weapons
 a - a +0 flail (weapon)
 k - the +9 sling of the Realm of Zot {heavy, Str+2 Int+4}
   (You found it on level 5 of the Dungeon)

   Str:       It affects your strength (+2).
   Int:       It affects your intelligence (+4).
Missiles
 e - a curare-tipped dart
Armour
 b - a +3 ring mail (worn)
 c - a +0 buckler (worn)
 i - a +1 helmet (worn)
 o - a +0 cloak (worn)
 t - a +0 pair of boots (worn)
Jewellery
 g - a +6 ring of intelligence (left hand)
Wands
 q - a wand of mindburst (22)
Scrolls
 f - 3 scrolls of teleportation
 h - a scroll of fog {unknown}
 m - 2 scrolls of blinking
 s - a scroll of enchant armour
Potions
 d - 2 potions of might
 j - 2 potions of invisibility
 l - a potion of berserk rage
 n - 3 potions of curing
 p - a potion of haste
 r - 3 potions of heal wounds
 u - a potion of cancellation


   Skills:
 + Level 7.8 Fighting
 + Level 6.7 Maces & Flails
 + Level 7.9 Armour
 + Level 7.9 Shields


You had 6 spell levels left.
You knew the following spells:

 Your Spells              Type           Power      Damage    Failure   Level
a - Passwall              Tmut/Erth      0%         N/A       56%         2

Your spell library contained the following spells:

 Spells                   Type           Power      Damage    Failure   Level
 Apportation              Tloc           0%         N/A       41%         1
 Freeze                   Ice            0%         1d3       41%         1
 Necrotise                Necr           0%         1d4       41%         1
 Sandblast                Erth           0%         2d4       41%         1
 Poisonous Vapours        Pois/Air       0%         N/A       56%         2
 Scorch                   Fire           0%         2d5       56%         2
 Frozen Ramparts          Ice            0%         1d1       80%         3
 Hailstorm                Conj/Ice       0%         3d3       80%         3
 Mephitic Cloud           Conj/Pois/Air  0%         N/A       80%         3
 Stone Arrow              Conj/Erth      0%         3d7       80%         3
 Vampiric Draining        Necr           0%         2d6       80%         3
 Flame Wave               Conj/Fire      0%         2d4       99%         4
 Passage of Golubria      Tloc           0%         N/A       99%         4
 Agony                    Necr           0%         N/A       100%        5
 Freezing Cloud           Conj/Ice/Air   0%         6-21      100%        5
 Yara's Violent Unravell  Hex/Tmut       0%         3d3       100%        5
 Summon Small Mammal      Summ           Unusable   N/A       N/A         1
 Tukima's Dance           Hex            Unusable   N/A       N/A         3
 Summon Cactus Giant      Summ           Unusable   N/A       N/A         6

Dungeon Overview and Level Annotations

Branches:
Dungeon (8/15)             Temple (1/1) D:6
   Lair: D:8-11

Altars:
Ashenzari
Cheibriados
Dithmenos
Elyvilon
Fedhas
Gozag
Hepliaklqana
Kikubaaqudgha
Makhleb
Nemelex Xobeh
Okawaru
Ru
Sif Muna
Trog
Vehumet
Wu Jian
Yredelemnul
Zin
The Shining One

Shops:
D:2 (   D:5 ?

Annotations:
D:5 1 runed translucent door, Crazy Yiuf
D:6 3 runed translucent doors, AwFulAwFulPlayer's ghost, novice OpMo


Innate Abilities, Weirdness & Mutations

You are immune to sickness and miasma.
Your stone body is resilient. (AC +6)
You are immune to poison.
You resist negative energy. (rN+)
You are resistant to electric shocks. (rElec)
You are resistant to unholy torment.
You are immune to petrification.


Message History

You see here a vampire mosquito corpse.
You closely miss the vampire mosquito.
You block the vampire mosquito's attack.
The vampire mosquito bites you but does no damage.
You thump the vampire mosquito!
The vampire mosquito is heavily damaged.
The vampire mosquito bites you.
The vampire mosquito closely misses you.
You hit the vampire mosquito.
The vampire mosquito is severely damaged.
The vampire mosquito bites you but does no damage.
You block the vampire mosquito's attack.
You hit the vampire mosquito but do no damage.
The vampire mosquito is severely damaged.
The vampire mosquito bites you but does no damage.
The vampire mosquito barely misses you.
You sock the vampire mosquito!
The vampire mosquito is almost destroyed.
The vampire mosquito misses you. The vampire mosquito barely misses you.
You barely miss the vampire mosquito.
The vampire mosquito is almost destroyed.
The vampire mosquito bites you!
* * * LOW HITPOINT WARNING * * *
You block the vampire mosquito's attack.
The vampire mosquito bites you!
* * * LOW HITPOINT WARNING * * *
You hit the vampire mosquito but do no damage.
The vampire mosquito is almost destroyed.
The vampire mosquito bites you but does no damage.
You block the vampire mosquito's attack.
You hit the vampire mosquito.
The vampire mosquito is almost destroyed.
The vampire mosquito bites you but does no damage.
The vampire mosquito bites you.
* * * LOW HITPOINT WARNING * * *
You closely miss the vampire mosquito.
The vampire mosquito is almost destroyed.
You block the vampire mosquito's attack.
The vampire mosquito bites you.
You die...

...#..#......######......#
...#..+......# #......#
...#..#......# #......#
..<#..#......# #......#
...#..#......# ########
...#..#......#######
..##..#............#
..'...#.....÷......#
..#...#.........@..#
..#...#..[......y†.#
..#...#............#
..#...#............#
###...#............#
#.....#............#
#.....#(...........#
#.....#............#
+.....#............#


You could see a vampire mosquito.

Vanquished Creatures
  A wyvern (D:8)
  2 vampire mosquitoes (D:7)
  A steam dragon (D:6)
  3 ice beasts
  2 black bears
  2 ogres
  4 centaurs
  A phantom (D:6)
  A kobold brigand (D:6)
  5 bullfrogs
  3 scorpions
  2 howler monkeys
  2 jellies
  2 hounds (D:5)
  3 orc priests
  A gnoll bouda (D:6)
  2 sleepcaps
  3 iguanas
  3 gnolls (D:6)
  8 adders
  A shadow imp (D:8)
  A white imp (D:6)
  4 worms
  A dart slug (D:3)
  19 orcs
  6 endoplasms
  4 giant cockroaches
  9 goblins
  7 hobgoblins
  4 jackals
  2 quokkas (D:4)
  5 ball pythons
  3 bats
  5 frilled lizards
  11 kobolds
  2 rats (D:3)
135 creatures vanquished.

Notes
Turn   | Place    | Note
-------+----------+-------------------------------------------
     0 | D:1      | Dittersdorf the Gargoyle Fighter began the quest for the
                  | Orb.
     0 | D:1      | Reached XP level 1. HP: 14/14 MP: 1/1
    11 | D:1      | Noticed an ogre
   591 | D:1      | Reached XP level 2. HP: 18/19 MP: 2/2
   870 | D:2      | Found Ninoneg's Weapon Shop.
  1015 | D:2      | Reached XP level 3. HP: 23/23 MP: 3/3
  1821 | D:3      | Reached XP level 4. HP: 19/29 MP: 4/4
  2074 | D:3      | Reached XP level 5. HP: 33/33 MP: 5/5
  2513 | D:4      | Found a shimmering blue altar of Sif Muna.
  3465 | D:4      | Noticed an ogre
  3472 | D:4      | Killed an ogre
  3473 | D:4      | Reached XP level 6. HP: 34/39 MP: 6/6
  3650 | D:5      | Entered Level 5 of the Dungeon
  3789 | D:5      | Reached skill level 5 in Shields
  3833 | D:5      | Identified the +9 sling of the Realm of Zot {heavy, Str+2
                  | Int+4}
  3907 | D:5      | Reached skill level 5 in Fighting
  3907 | D:5      | Reached skill level 5 in Armour
  3907 | D:5      | Reached XP level 7. HP: 44/44 MP: 7/7
  4210 | D:5      | HP: 2/44 [centaur/+0 falchion (4)]
  4368 | D:5      | Learned a level 2 spell: Passwall
  4374 | D:5      | Found Wucloevoyrch's Magic Scroll Shoppe.
  4467 | D:5      | Found a runed translucent door.
  4468 | D:5      | Noticed Crazy Yiuf
  4728 | D:5      | Reached XP level 8. HP: 36/51 MP: 8/8
  5137 | D:6      | Found a runed translucent gate.
  5137 | D:6      | Found a runed translucent gate.
  5137 | D:6      | Found a runed translucent gate.
  5140 | D:6      | Noticed AwFulAwFulPlayer's ghost (novice OpMo)
  5166 | D:6      | Reached skill level 5 in Maces & Flails
  5813 | D:6      | Found a staircase to the Ecumenical Temple.
  5858 | Temple   | Entered the Ecumenical Temple
  5934 | Temple   | Became a worshipper of Warmaster Okawaru
  6227 | D:6      | Reached XP level 9. HP: 36/56 MP: 9/9
  6862 | D:7      | Found an ancient bone altar of Kikubaaqudgha.
  7638 | D:8      | Reached * piety under Okawaru
  7923 | D:7      | HP: 2/59 [vampire mosquito (6)]
  7924 | D:7      | Slain by a vampire mosquito

Illustrated notes

Levels and vault maps discovered:
D:1:      evilmike_arrival_come_back, layout_basic
D:2:      layout_loops_corners, serial_shops, shop
D:3:      layout_rooms, small_statue_intersection,
          minmay_fractal_squares_diagonal_5
D:4:      layout_loops_ring, nicolae_sif_muna_condensation,
          serial_co_window_serial, co_window_corner_a, co_window_corner_a,
          co_window_of_opportunity_a, co_window_of_opportunity_a,
          co_window_paths_b, co_window_unsneaky_path_b, co_window_paths_c,
          co_window_2corner, co_window_paths_e, minmay_crystal_room
D:5:      layout_basic, serial_shops, nicolae_shop_pleasant_corner_grove,
          uniq_crazy_yiuf_cottage
D:6:      layout_loops_corners, minmay_temple_entry_fiery,
          biasface_ghost_orc_armoury
D:7:      layout_gridville, lemuel_round_altar
D:8:      layout_basic
Temple:   mainiacjoe_temple_coin_purse

Skill      XL: |  1  2  3  4  5  6  7  8  9 |
---------------+----------------------------+-----
Fighting       | 4 5 6 7 |  7.8
Armour         | 4 5 6 7 |  7.9
Shields        | 4 5 6 7 |  7.9
Maces & Flails | 3 4 5 6 |  6.7

Action                     |  1- 3 |  4- 6 |  7- 9 || total
---------------------------+-------+-------+-------++-------
  Melee: Flail             |   150 |   179 |   376 ||   705
    Use: Scroll            |       |    11 |     5 ||    16
 Armour: Ring mail         |    97 |    99 |   292 ||   488
         Scale mail        |     4 |       |       ||     4
  Dodge: Dodged            |    93 |    96 |   206 ||   395
  Block: Buckler           |    46 |    36 |   116 ||   198

Table legend: (Time is in decaauts)
 A = Elapsed time spent in this place.
 B = Non-inter-level travel time spent in this place.
 C = Inter-level travel time spent in this place.
 D = Time resting spent in this place.
 E = Time spent auto-exploring this place.
 F = Levels seen in this place.
 G = Mean time per level.
                   A        B        C        D        E       F      G
               +--------+--------+--------+--------+--------+-----+--------+
         Total |   8082 |   7651 |    431 |   1016 |   5018 |   9 |  898.0 |
       Dungeon |   7996 |   7574 |    422 |   1016 |   4956 |   8 |  999.5 |
        Temple |     86 |     77 |      9 |      0 |     62 |   1 |   86.0 |
               +--------+--------+--------+--------+--------+-----+--------+

Top non-repeatable levels by time:
     D:6: 1608 daAuts
     D:5: 1418 daAuts
     D:4: 1194 daAuts
     D:7: 1025 daAuts
     D:2: 1021 daAuts
     D:3: 784 daAuts
     D:1: 765 daAuts
     D:8: 178 daAuts
  Temple: 86 daAuts
